 Dungeon Crawl Stone Soup version 0.23.2-33-g5129a83184 (webtiles) character file.

Game seed: 14700060119433578158

39 psyvane the Digger (level 3, -1/19 HPs)
             Began as a Gargoyle Earth Elementalist on June 30, 2019.
             Slain by Sigmund
             ... wielding a +0 scythe
              (2 damage)
             ... on level 2 of the Dungeon.
             The game lasted 00:10:11 (2252 turns).

psyvane the Digger (Gargoyle Earth Elementalist)    Turns: 2252, Time: 00:10:11

Health: -1/19      AC:  7    Str: 11    XL:     3   Next: 45%
Magic:  5/6        EV: 12    Int: 16    God:
Gold:   167        SH:  0    Dex: 10    Spells: 0/6 levels left

rFire    . . .     SeeInvis .   e - +0 club
rCold    . . .     Gourm    .   (no shield)
rNeg     + . .     Faith    .   c - +1 robe
rPois    ∞         Spirit   .   f - +1 hat
rElec    +         Reflect  .   (no cloak)
rCorr    .         Harm     .   (no gloves)
MR       .....                  (no boots)
Stlth    ++........             (no amulet)
HPRegen  0.06/turn              (no ring)
MPRegen  0.10/turn              (no ring)

@: very slightly contaminated
A: negative energy resistance 1, electricity resistance, unbreathing,
petrification resistance, rot immunity, AC +3
a: no special abilities


You were on level 2 of the Dungeon.
You were not hungry.

You visited 1 branch of the dungeon, and saw 2 of its levels.

You collected 167 gold pieces.

Inventory:

Hand Weapons
 e - a +0 club (weapon)
 i - a +0 hunting sling
Missiles
 b - 42 stones (quivered)
Armour
 c - a +1 robe (worn)
 f - a +1 hat (worn)
Scrolls
 a - 2 scrolls of teleportation
 j - a scroll of remove curse
Potions
 h - a potion of brilliance {unknown}
Comestibles
 d - 3 rations
 g - 2 chunks of flesh


   Skills:
 * Level 1.5 Maces & Flails
 - Level 1.6 Dodging
 - Level 2.2 Stealth
 * Level 2.2 Spellcasting
 + Level 0.3 Conjurations
 + Level 0.7 Transmutations
 * Level 4.4 Earth Magic


You couldn't memorise any spells.
You knew the following spells:

 Your Spells              Type           Power        Failure   Level  Hunger
a - Sandblast             Erth           ###...       3%          1    #......
b - Stone Arrow           Conj/Erth      #.....       22%         3    ###....
c - Passwall              Tmut/Erth      ##......     11%         2    ###....

Your spell library contained the following spells:

 Spells                   Type           Power        Failure   Level  Hunger
 Petrify                  Tmut/Erth      ##......     56%         4    #####..
 Lee's Rapid Deconstruct  Erth           ###.......   65%         5    ######.


Dungeon Overview and Level Annotations

Branches:
Dungeon (2/15)

Altars:
Vehumet

Annotations:
D:2 Sigmund


Innate Abilities, Weirdness & Mutations

You are resistant to torment.
Your stone body is resilient. (AC +3)
You are immune to poison.
You resist negative energy. (rN+)
You are resistant to electric shocks. (rElec)
You can survive without breathing.
You are immune to petrification.
You are immune to rotting.


Message History

Sigmund gestures at you while chanting. The puff of flame hits you.
You are too injured to fight recklessly!
You are too injured to fight recklessly!
You barely miss Sigmund.
Sigmund is moderately wounded.
Sigmund casts a spell at you.
You are confused.
You hit Sigmund but do no damage.
Sigmund is moderately wounded.
Sigmund barely misses you. Sigmund barely misses you.
You bump into the rock wall.
Sigmund hits you with a +0 scythe!
* * * LOW HITPOINT WARNING * * *
Sigmund hits you with a +0 scythe.
* * * LOW HITPOINT WARNING * * *
You feel less confused. Sigmund hits you with a +0 scythe.
You die...

######.#
#############.@....#
#.............@...(#
##.##########.....##
#.# ....(.... #.#
#############.(. #.#
#........# (. #.#
#.######.# . #.# #.#
#.# #.##.#.# #.#


You could see Sigmund.

Vanquished Creatures
  2 oozes
  2 dart slugs (D:2)
  A leopard gecko (D:2)
  A bat (D:1)
  A giant cockroach (D:1)
  2 goblins (D:2)
  6 hobgoblins
  4 jackals
  2 frilled lizards (D:2)
  2 rats
23 creatures vanquished.

Vanquished Creatures (others)
  A kobold (D:2)
  A frilled lizard (D:2)
2 creatures vanquished.

Grand Total: 25 creatures vanquished

Notes
Turn   | Place    | Note
-------+----------+-------------------------------------------
     0 | D:1      | psyvane the Gargoyle Earth Elementalist began the quest for
                  | the Orb.
     0 | D:1      | Reached XP level 1. HP: 10/10 MP: 3/3
   257 | D:1      | Reached skill level 4 in Earth Magic
   442 | D:1      | Reached XP level 2. HP: 9/15 MP: 5/5
  1486 | D:2      | Found a radiant altar of Vehumet.
  1509 | D:2      | Reached skill level 1 in Maces & Flails
  1550 | D:2      | Reached XP level 3. HP: 10/19 MP: 6/6
  2070 | D:2      | Learned a level 3 spell: Stone Arrow
  2073 | D:2      | Learned a level 2 spell: Passwall
  2227 | D:2      | Noticed Sigmund
  2252 | D:2      | Slain by Sigmund

Skill      XL: |  1  2 |
---------------+-------+-----
Earth Magic    | 4 |  4.4
Maces & Flails | 1 |  1.5
Dodging        | |  1.6
Stealth        | |  2.2
Spellcasting   | |  2.2
Conjurations   | |  0.3
Transmutations | |  0.7

Action                   || total
-------------------------++-------
Melee: Unarmed           ||    39
       Club              ||   129
Throw: Stone             ||    31
  Use: Scroll            ||     5
  Eat: Ration            ||     1
       Chunk             ||     1
Armor: Robe              ||    56
Dodge: Dodged            ||   127
